 Dungeon Crawl Stone Soup version 0.30.0-15-g856e2d3f33 (webtiles) character file.

Game seed: 12671293084207892259

1162 shadowrider38 the Cleaver (level 8, 0/71 HPs)
             Began as a Minotaur Fighter on May 20, 2023.
             Was a Follower of Yredelemnul.
             Slain by a gnoll
             ... wielding a +0 halberd
              (1 damage)
             ... on level 6 of the Dungeon.
             The game lasted 00:05:53 (5250 turns).

shadowrider38 the Cleaver (Minotaur Fighter)        Turns: 5250, Time: 00:05:53

Health: 0/71       AC: 16    Str: 24    XL:     8   Next: 17%
Magic:  7/7        EV:  8    Int:  5    God:    Yredelemnul [*.....]
Gold:   320        SH:  4    Dex:  9    Spells: 7/7 levels left

rFire   . . .        a - +0 war axe
rCold   . . .        c - +0 buckler
rNeg    . . .        u - +0 chain mail
rPois   .            (helmet restricted)
rElec   .            (no cloak)
rCorr   .            E - +0 pair of gloves
SInv    +            v - +0 pair of boots
Will    +....        q - amulet of faith Stlth
                     j - +4 ring of protection
HPRegen 0.31/turn    s - ring of see invisible
MPRegen 0.10/turn

%: faith
@: mighty, on berserk cooldown, slowed, very slow
A: horns 2, retaliatory headbutt, strong-willed 1, passive freeze
a: Renounce Religion, Recall Undead Harvest


You were on level 6 of the Dungeon.
You worshipped Yredelemnul.
Yredelemnul was noncommittal.
You visited 1 branch of the dungeon, and saw 6 of its levels.

You collected 320 gold pieces.

Inventory:

Hand Weapons
 a - a +0 war axe (weapon)
Missiles
 t - 5 boomerangs (quivered)
 F - 2 curare-tipped darts
Armour
 c - a +0 buckler (worn)
 u - a +0 chain mail (worn)
 v - a +0 pair of boots (worn)
 E - a +0 pair of gloves (worn)
Magical Staves
 m - a staff of conjuration
 o - a staff of air
Jewellery
 g - a ring of resist corrosion
 j - a +4 ring of protection (left hand)
 q - an amulet of faith (around neck)
 r - an amulet of regeneration
 s - a ring of see invisible (right hand)
 D - a ring of flight
Wands
 i - a wand of roots (11)
 V - a wand of flame (14)
Scrolls
 b - a scroll of poison {unknown}
 h - a scroll of amnesia
 p - a scroll of fear {unknown}
 x - a scroll of fog
 y - a scroll of vulnerability
 B - a scroll of enchant armour {unknown}
 C - a scroll of silence {unknown}
 T - 5 scrolls of teleportation
Potions
 e - a potion of attraction {unknown}
 k - 5 potions of brilliance
 l - 2 potions of flight
 n - a potion of curing {unknown}
 w - a potion of lignification
 A - a potion of mutation
 H - 2 potions of haste


   Skills:
 + Level 6.3 Fighting
 + Level 10.2 Axes
 + Level 4.5 Armour
 - Level 4.0 Shields


You had 7 spell levels left.
You didn't know any spells.
Your spell library contained the following spells:

 Spells                   Type           Power      Damage    Failure   Level
 Apportation              Tloc           0%         N/A       98%         1
 Necrotise                Necr           0%         1d4       98%         1
 Summon Small Mammal      Summ           0%         N/A       98%         1
 Call Canine Familiar     Summ           0%         N/A       100%        3
 Portal Projectile        Hex/Tloc       0%         N/A       100%        3
 Vhi's Electric Charge    Tloc/Air       0%         N/A       100%        3
 Leda's Liquefaction      Hex/Erth       0%         N/A       100%        4
 Arcjolt                  Conj/Air       0%         1d10      100%        5
 Plasma Beam              Fire/Air       0%         2x1d11    100%        6


Dungeon Overview and Level Annotations

Branches:
Dungeon (6/15)
 Temple: D:4-7

Altars:
Cheibriados
Gozag
Qazlal
Trog
Yredelemnul
Zin

Annotations:
D:3 2 runed translucent doors, SkeletonJelly's ghost, amateur DsRe
D:4 3 runed translucent doors, exclusion: downstairs, AlmostDecent's ghost, amateur DgFi; Liamsmither's ghost, amateur DsGl; OldManVictorn's ghost, amateur GnWn; Rudyous's ghost, amateur DjFi
D:5 2 transporters


Innate Abilities, Weirdness & Mutations

You have a pair of horns on your head.
You reflexively headbutt those who attack you in melee.
You are strong-willed. (Will+)
A frigid envelope surrounds you and freezes all who hurt you.


Message History

Your kobold zombie is destroyed!
Your kobold brigand zombie hits the gnoll but does no damage.
Your kobold zombie hits the iguana but does no damage.
Things that are here:
a +0 dagger; 4 stones Unknown command.
The ogre hits your kobold zombie with a +0 giant club!
Your kobold zombie is destroyed!
Your scorpion zombie hits the iguana.
The iguana bites your scorpion zombie.
Something hits your kobold brigand zombie.
The gnoll barely misses you.
Your gnoll zombie hits the gnoll but does no damage.
Your gnoll zombie hits the iguana but does no damage.
Your scorpion zombie hits the iguana but does no damage.
You see here a +2 dagger of electrocution.
A gnoll comes into view. It is wielding a +0 spear.
Found a rapier.
The iguana bites your scorpion zombie!
Your gnoll zombie closely misses the gnoll.
Your scorpion zombie hits the iguana.
Your kobold zombie hits the ogre.
Your gnoll zombie closely misses the iguana.
The gnoll hits you from afar with a +0 halberd.
* * * LOW HITPOINT WARNING * * *
The ogre hits your kobold zombie with a +0 giant club!
Your kobold zombie is destroyed!
You block the gnoll's attack. The iguana bites your scorpion zombie.
You can no longer trade souls for undead servants.
Your scorpion zombie hits the iguana.
Your gnoll zombie hits the gnoll but does no damage.
The iguana closely misses your scorpion zombie.
You block the gnoll's attack.
Your gnoll zombie hits the iguana but does no damage.
Your scorpion zombie hits the iguana.
You see here a +2 dagger of electrocution.
Unknown command.
The gnoll hits your kobold brigand zombie with a +0 club!
The iguana bites your scorpion zombie.
The gnoll hits you from afar with a +0 halberd!
* * * LOW HITPOINT WARNING * * *
Your gnoll zombie hits the gnoll but does no damage.
Your kobold brigand zombie closely misses the gnoll.
Your gnoll zombie hits the iguana but does no damage.
The ogre hits you with a +0 giant club!
* * * LOW HITPOINT WARNING * * *
The ogre is very cold.
The ogre is heavily wounded.
Your scorpion zombie misses the iguana.
The gnoll hits your kobold brigand zombie with a +0 club.
The gnoll hits you from afar with a +0 halberd.
You die...
Your body rises from the dead as a mindless zombie.

#######..##..≈#≈###≈
..#.#......#..≈..#≈#≈#
>.#..?.......≈#...#≈#.
#.............#.≈#...#..
##................≈#..)#.
.........##.##.....≈#.#≈#
.......#.Zl)##....≈#.#≈#≈
.......#.Z)g#..##≈#...#≈#
.......#@OZ)##..#.≈#...#.
.......)))...##....≈#...#
........ggZ........#≈#.#≈
........##...........≈#≈.
......................≈..
...........#.#.........##
..........$###.......## #
.........#.. ......####
.........#..# .......


You could see an ogre, an iguana (distracted, ally target), 3 gnolls, a friendly
scorpion zombie, 2 friendly gnoll zombies and a friendly kobold brigand zombie.

Vanquished Creatures
  An ice beast (D:5)
  A black bear (D:6)
  A kobold brigand (D:6)
  A bullfrog (D:6)
  3 scorpions
  A gnoll sergeant (D:5)
  3 wights (D:6)
  A jelly (D:5)
  3 gnoll boudas
  An orc priest (D:6)
  A mummy (D:5)
  17 gnolls
  An adder (D:2)
  A white imp (D:5)
  4 worms
  A dart slug (D:1)
  14 orcs
  5 ball pythons
  3 bats
  4 endoplasms
  4 giant cockroaches
  8 goblins
  6 hobgoblins
  2 jackals (D:2)
  4 quokkas
  A frilled lizard (D:3)
  A gnoll zombie (D:6)
  2 hobgoblin zombies (D:5)
  7 kobolds
  2 kobold zombies (D:5)
  5 rats
109 creatures vanquished.

Vanquished Creatures (collateral kills)
  An adder (D:5)
  3 kobolds (D:6)
4 creatures vanquished.

Vanquished Creatures (others)
  A black bear zombie (D:6)
  6 gnoll zombies
  4 kobold zombies (D:6)
  5 orc zombies (D:6)
16 creatures vanquished.

Grand Total: 129 creatures vanquished

Notes
Turn   | Place    | Note
-------+----------+-------------------------------------------
     0 | D:1      | shadowrider38 the Minotaur Fighter began the quest for the
                  | Orb.
     0 | D:1      | Reached XP level 1. HP: 19/19 MP: 0/0
   207 | D:1      | Reached skill level 3 in Axes
   246 | D:1      | Reached XP level 2. HP: 26/26 MP: 1/1
   718 | D:2      | Reached skill level 4 in Axes
   914 | D:2      | Reached XP level 3. HP: 31/31 MP: 2/2
  1316 | D:2      | Reached skill level 5 in Axes
  1715 | D:3      | Reached XP level 4. HP: 38/39 MP: 3/3
  1871 | D:3      | Found a faded altar of an unknown god.
  1954 | D:3      | Found a runed translucent door.
  1967 | D:3      | Noticed SkeletonJelly's ghost (amateur DsRe)
  1967 | D:3      | Noticed a bullfrog
  2200 | D:3      | Found a runed translucent door.
  2382 | D:4      | Found a stormy altar of Qazlal.
  2396 | D:4      | Noticed Rudyous's ghost (amateur DjFi)
  2397 | D:4      | Found a runed translucent gate.
  2397 | D:4      | Noticed AlmostDecent's ghost (amateur DgFi)
  2397 | D:4      | Noticed OldManVictorn's ghost (amateur GnWn)
  2397 | D:4      | Noticed Liamsmither's ghost (amateur DsGl)
  2398 | D:4      | Found a runed translucent gate.
  2398 | D:4      | Found a runed translucent gate.
  2832 | D:4      | Found a bloodstained altar of Trog.
  3139 | D:4      | Found a glowing silver altar of Zin.
  3139 | D:4      | Noticed an angel
  3464 | D:5      | Entered Level 5 of the Dungeon
  3542 | D:5      | Found a transporter.
  3543 | D:5      | Noticed a scorpion
  3549 | D:5      | Killed a scorpion
  3550 | D:5      | Reached skill level 6 in Axes
  3550 | D:5      | Reached XP level 5. HP: 45/45 MP: 4/4
  3615 | D:5      | Reached skill level 7 in Axes
  3855 | D:5      | Found a basalt altar of Yredelemnul.
  4043 | D:5      | Became a worshipper of Yredelemnul the Dark
  4052 | D:5      | shadowrider38: ??yred
  4052 | D:5      | beem: yredelemnul[1/4]: God of the death knights. Corpses
                  | are passively reaped into zombie allies. Those can be
                  | traded for stronger allies or spent for invocations..
                  | Grants the following invocations: recall friendly undead,
                  | area of effect vampiric draining, and bind soul (see next
                  | entry).
  4242 | D:5      | Found a transporter.
  4247 | D:5      | Noticed an ice beast
  4258 | D:5      | Killed an ice beast
  4259 | D:5      | Reached skill level 8 in Axes
  4259 | D:5      | Reached XP level 6. HP: 51/52 MP: 5/5
  4556 | D:5      | Found an opulent altar of Gozag.
  4601 | D:5      | Reached * piety under Yredelemnul
  4733 | D:5      | Reached ** piety under Yredelemnul
  4784 | D:5      | Reached XP level 7. HP: 37/60 MP: 6/6
  4914 | D:5      | Found a snail-covered altar of Cheibriados.
  5106 | D:6      | Reached skill level 9 in Axes
  5227 | D:6      | Reached skill level 6 in Fighting
  5227 | D:6      | Gained mutation: A frigid envelope surrounds you and
                  | freezes all who hurt you. [potion of mutation]
  5227 | D:6      | Gained mutation: You are strong-willed. (Will+) [potion of
                  | mutation]
  5235 | D:6      | Reached skill level 10 in Axes
  5236 | D:6      | Reached XP level 8. HP: 40/70 MP: 7/7
  5250 | D:6      | HP: 1/71 [ogre/+0 giant club (13)]
  5250 | D:6      | Slain by a gnoll

Illustrated notes

Levels and vault maps discovered:
D:1:      zaba_arrival_water, layout_basic
D:2:      wad_crossroads, layout_loops_ring, moated_statue
D:3:      layout_loops_ring, chequers_ecumenical_altar_twisty,
          ebering_ghost_sewer_f
D:4:      layout_basic, nicolae_qazlal_scattered_showers, zin_angel,
          mainiacjoe_overflow_alcove_4, gammafunk_ghost_cemetery
D:5:      gammafunk_wand_slinger, layout_rooms, mainiacjoe_overflow_boulevard,
          grunt_gozag_breadcrumbs, cheibrodos_worm_habitat, minmay_mini_ossuary
D:6:      layout_cave_pools, nicolae_ashenzari_skybound,
          minmay_temple_entry_fiery, nicolae_water_bricks,
          chequers_serial_rivers_micro_e

Skill      XL: |  1  2  3  4  5  6  7 |
---------------+----------------------+-----
Axes           | 3 4 5 6 8 10 | 10.2
Fighting       | 4 6 |  6.3
Armour         | 4 |  4.5
Shields        | 4 |  4.0

Action                     |  1- 3 |  4- 6 |  7- 9 || total
---------------------------+-------+-------+-------++-------
  Melee: War axe           |    82 |   105 |    41 ||   228
         Headbutt          |    11 |    15 |     4 ||    30
    Use: Scroll            |       |     9 |     1 ||    10
         Potion            |       |     2 |     3 ||     5
   Stab: Distracted        |       |       |     1 ||     1
 Armour: Scale mail        |    36 |       |       ||    36
         Chain mail        |       |    70 |    34 ||   104
  Dodge: Dodged            |    33 |    36 |    34 ||   103
  Block: Buckler           |    26 |    27 |    12 ||    65
